 Dungeon Crawl Stone Soup version 0.22-a0-456-g11ed031 (webtiles) character file.

44 KristoblXynda the Conjurer (level 3, -1/14 HPs)
             Began as a Felid Conjurer on June 7, 2018.
             Slain by a wyvern zombie (15 damage)
             ... on level 3 of the Dungeon.
             The game lasted 00:04:49 (2461 turns).

KristoblXynda the Conjurer (Felid Conjurer)         Turns: 2461, Time: 00:04:51

Health: -1/14      AC:  1    Str:  5    XL:     3   Next: 39%
Magic:  8/8        EV: 18    Int: 16    God:
Gold:   93         SH:  0    Dex: 16    Spells: 6/7 levels left
                                        Lives:  0   Deaths: 0

rFire    . . .     SeeInvis +   (weapon unavailable)
rCold    . . .     Gourm    .   (shield unavailable)
rNeg     . . .     Faith    .   (armour unavailable)
rPois    .         Spirit   .   (helmet unavailable)
rElec    .         Reflect  .   (cloak unavailable)
rCorr    .         Harm     .   (gloves unavailable)
MR       .....                  (boots unavailable)
Stlth    +++.......             (no amulet)
HPRegen  0.04/turn              (no ring)
MPRegen  0.11/turn              (no ring)

@: quick
A: very small, no armour, no weapons or thrown items, stealth, claws 1, fangs 3,
see invisible, carnivore, speed 1, shaggy fur 1, slow metabolism 1, sharp paws
a: no special abilities


You were on level 3 of the Dungeon.
You were very full.

You visited 1 branch of the dungeon, and saw 3 of its levels.

You collected 93 gold pieces.

Inventory:

Scrolls
 a - a scroll of fear {unknown}
 c - 3 scrolls of remove curse {unknown}
 d - a scroll of magic mapping {unknown}
 e - a scroll of immolation {unknown}
 f - 2 scrolls of teleportation {unknown}
 h - a scroll of enchant armour {unknown}
 j - a scroll of identify {unknown}
Potions
 g - 2 potions of heal wounds {unknown}
 i - 2 potions of magic {unknown}
Comestibles
 b - 3 rations


   Skills:
 - Level 2.6 Dodging
 - Level 2.6 Stealth
 + Level 2.9 Spellcasting
 + Level 4.2 Conjurations


You had 6 spell levels left.
You knew the following spells:

 Your Spells              Type           Power        Failure   Level  Hunger
a - Magic Dart            Conj           ###.         3%          1    #......

Your spell library contained the following spells:

 Spells                   Type           Power        Failure   Level  Hunger
 Iskenderun's Mystic Bla  Conj           ###.....     32%         4    #####..
 Fulminant Prism          Conj/Hex       #.........   61%         4    #####..
 Dazzling Spray           Conj/Hex       #.....       24%         3    ###....
 Force Lance              Conj/Tloc      #.......     61%         4    #####..
 Searing Ray              Conj           ###...       4%          2    ##.....


Dungeon Overview and Level Annotations

Branches:
Dungeon (3/15)

Altars:


Innate Abilities, Weirdness & Mutations

You cannot wear armour.
You are incapable of wielding weapons or throwing items.
Your paws allow you to move quietly. (Stealth)
You have sharp claws.
You have razor-sharp teeth.
You have supernaturally acute eyesight. (SInv)
You are carnivorous and can eat meat at any time.
You cover ground quickly.
You are covered in fur. (AC +1)
You have a slow metabolism.
Your sharp claws are effective at attacking unaware monsters.


Message History

All of the chunks of flesh in your inventory have rotted away.
Done waiting.
Found a stone staircase leading down.
Found a stone staircase leading up.
Found a stone staircase leading up.
j - a scroll labeled OKKAULAOJE A wyvern zombie comes into view.
A wyvern zombie is nearby!
A wyvern zombie is nearby!
Casting: Magic Dart (safe; 3% risk of failure)
Confirm with . or Enter, or press ? or * to list all spells.
Aiming: Magic Dart (safe; 3% risk of failure)
Press: ? - help, Shift-Dir - straight line, f - wyvern zombie
Aim: a wyvern zombie (resting)
The magic dart hits the wyvern zombie.
The wyvern zombie completely misses you.
Unknown command.
The wyvern zombie bites you!
Ouch! That really hurt!
You die...

...................
......###....##...
##.........# #
##...###...#
#..........#
##.#.####..# #..##
#..# #.## #.Z##.##
########.## #.@....#
..........######.##..#
#######.#....# #.# .#
#...##.# #.# #
###...#....# #...##
.### #.##.# # #.# #.#
#.# ##


You could see a wyvern zombie.

Vanquished Creatures
  2 adders (D:3)
  A leopard gecko (D:2)
  3 orcs (D:3)
  2 giant cockroaches (D:1)
  2 goblins (D:2)
  2 hobgoblins (D:2)
  3 kobolds
  3 bats
  3 frilled lizards
  A rat (D:2)
22 creatures vanquished.

Notes
Turn   | Place    | Note
-------+----------+-------------------------------------------
     0 | D:1      | KristoblXynda the Felid Conjurer began the quest for the Orb.
     0 | D:1      | Reached XP level 1. HP: 7/7 MP: 4/4
  1091 | D:2      | Reached XP level 2. HP: 9/11 MP: 3/6
  1620 | D:2      | Reached skill level 4 in Conjurations
  2095 | D:3      | Reached XP level 3. HP: 10/14 MP: 0/8
  2461 | D:3      | Slain by a wyvern zombie

Vault maps used:
D:1:      minmay_arrival_stone_box

Skill      XL: |  1  2 |
---------------+-------+-----
Conjurations   | 4 |  4.2
Dodging        | |  2.6
Stealth        | |  2.6
Spellcasting   | |  2.9

Action                   || total
-------------------------++-------
Melee: Unarmed           ||    30
       Bite              ||     3
 Cast: Magic Dart        ||    52
  Eat: Chunk             ||    10
Armor: Skin              ||     3
Dodge: Dodged            ||    37

Table legend:
 A = Spawn XP
 B = Non-spawn XP
 C = Spawn XP percentage of total XP
 D = Spawn monster count
 E = Non-spawn monster count
 F = Spawn count percentage of total count
 G = Total turns spent on level
                    A         B        C        D         E        F      G
               +---------+---------+-------+---------+---------+-------+---------
         Total |       0 |      63 |   0.0 |       0 |      22 |   0.0 |  2461
               +---------+---------+-------+---------+---------+-------+---------
           D:1 |       0 |      11 |   0.0 |       0 |       7 |   0.0 |  1039
           D:2 |       0 |      16 |   0.0 |       0 |      10 |   0.0 |   857
           D:3 |       0 |      36 |   0.0 |       0 |       5 |   0.0 |   565
               +---------+---------+-------+---------+---------+-------+---------
